 Dungeon Crawl Stone Soup version 0.16-a0-3712-g87ae24a (console) character file.

66 MrRokkomies the Sneak (level 4, -2/30 HPs)
             Began as an Octopode Assassin on Jan 20, 2015.
             Killed by divine providence
             ... invoked by an orc priest
              (15 damage)
             ... on level 3 of the Dungeon.
             The game lasted 00:04:51 (1339 turns).

MrRokkomies the Sneak (Octopode Assassin)           Turns: 1339, Time: 00:04:51

Health: -2/30      AC:  1    Str: 10    XL:     4   Next: 15%
Magic:  4/4        EV: 11    Int: 14    God:
Gold:   64         SH:  0    Dex: 13    Spells: 0 memorised, 3 levels left

rFire  . . .     SeeInvis .     a - +2 dagger
rCold  . . .     Clarity  .     (no shield)
rNeg   . . .     SustAb   .     (helmet restricted)
rPois  .         Gourm    .     (no amulet)
rElec  .         Spirit   .     (no ring)
rCorr  .         Warding  .     (no ring)
rMut   .         Stasis   .     (no ring)
MR     .....                    (no ring)
Stlth  +++++.....               (no ring)
                                (no ring)
                                (no ring)
                                (no ring)

@: not resistant to hostile enchantments, quite stealthy
A: almost no armour, amphibious, 8 rings, constrict 8, camouflage 1, gelatinous
body 1
a: no special abilities


You were on level 3 of the Dungeon.
You were not hungry.

You visited 1 branch of the dungeon, and saw 3 of its levels.

You collected 64 gold pieces.

Inventory:

Hand weapons
 a - a +2 dagger (weapon)
 b - a +0 blowgun
Missiles
 e - 8 poisoned needles
 f - 2 curare-tipped needles
 j - 19 stones (quivered)
Potions
 d - a potion of heal wounds {unknown}
 i - 3 potions of curing
 m - a potion of degeneration {unknown}
 n - a potion of beneficial mutation {unknown}
 q - a potion of restore abilities {unknown}
 r - a potion of agility {unknown}
Comestibles
 g - a bread ration
 h - a slice of pizza
 k - a beef jerky
 o - 3 fruits


   Skills:
 + Level 2.5 Fighting
 * Level 3.0 Short Blades
 - Level 2.0 Throwing
 - Level 1.0 Dodging
 * Level 6.4 Stealth


You had 3 spell levels left.
You didn't know any spells.

Dungeon Overview and Level Annotations

Branches:
Dungeon (3/15)

Altars:

Annotations:
D:2 Robin


Innate Abilities, Weirdness & Mutations

You cannot wear most types of armour.
You are amphibious.
You can wear up to eight rings at the same time.
You can use your tentacles to constrict many enemies at once.
Your skin changes colour to match your surroundings (Stealth).
Your rubbery body absorbs attacks (AC +1).


Message History

You constrict the orc. You hit the orc.
The orc is heavily wounded.
You constrict the orc. The orc misses you.
You hit the orc.
You kill the orc!
The bat closely misses you. The orc priest hits you with a club.
The bat hits you but does no damage.
You see here a mace.
You hit the orc priest but do no damage.
Your grab misses the orc priest. The bat hits you.
The orc priest hits you with a club.
You hit the orc priest. You grab the orc priest. You squeeze the orc priest.
The orc priest is moderately wounded.
You constrict the orc priest, but do no damage.
The bat hits you but does no damage.
The orc priest invokes the aid of Beogh against you.
Something smites you!
Ouch! That really hurt!
You die...

. #≈§ #.§≈ #..
≈.. #.. #####.#
#....b####.####.
#....@oo......
#...###..###..
###.# ....
#†))###.###..
#<......# .
#.[.####..#
#.... .# #.....
#.###.# #. .# #.
..


You could see an orc priest, an orc and a bat.

Vanquished Creatures
  A gnoll (D:1)
  2 worms (D:2)
  An orc (D:3)
  6 bats
  A giant cockroach (D:2)
  7 goblins
  10 hobgoblins
  5 giant newts
  7 kobolds
  3 rats (D:1)
43 creatures vanquished.

Notes
Turn   | Place    | Note
--------------------------------------------------------------
     0 | D:1      | MrRokkomies, the Octopode Assassin, began the quest for the Orb.
     0 | D:1      | Reached XP level 1. HP: 14/14 MP: 1/1
     6 | D:1      | Noticed a salamander
     6 | D:1      | Noticed a wyvern
     6 | D:1      | Noticed a redback
     6 | D:1      | Noticed a polar bear
    55 | D:1      | Reached XP level 2. HP: 14/19 MP: 2/2
   311 | D:1      | Reached XP level 3. HP: 6/24 MP: 3/3
   633 | D:1      | Reached skill level 6 in Stealth
  1098 | D:2      | Noticed Robin
  1104 | D:2      | Reached XP level 4. HP: 15/30 MP: 4/4
  1339 | D:3      | Killed from afar by an orc priest

Action                   |  1- 3 |  4- 6 || total
-------------------------+-------+-------++-------
Melee: Dagger            |    78 |    17 ||    95
  Use: Scroll            |     3 |       ||     3
       Potion            |       |     1 ||     1
 Stab: Sleeping          |     5 |       ||     5
  Eat: Chunk             |     1 |       ||     1
